 Dungeon Crawl Stone Soup version 0.30-a0-627-gc11e7ae (webtiles) character file.

Game seed: 16716840585177469866

259424 malesh the Severer (level 20, -9/102 HPs)
             Began as a Vine Stalker Fighter on Jan 9, 2023.
             Was a Follower of Uskayaw.
             Mangled by Dissolution (10 damage)
             ... on level 2 of the Pits of Slime on Jan 12, 2023.
             The game lasted 02:01:18 (29815 turns).

malesh the Severer (Vine Stalker Fighter)          Turns: 29815, Time: 02:01:18

Health: -9/102     AC: 18    Str: 24      XL:     20   Next: 31%
Magic:  0/33       EV: 16    Int: 20      God:    Uskayaw [*.....]
Gold:   3540       SH:  0    Dex: 24 (25) Spells: 19/19 levels left

rFire   . . .      SeeInvis +    b - +5 broad axe (freeze)
rCold   . . .      Faith    .    g - +0 kite shield
rNeg    + . .      Spirit   +    p - +9 plate armour of the Cooper {*Slow rN+ Dex+4}
rPois   +          Reflect  +    j - -1 hat "Juirhaop" {rCorr Dex+2 Slay+2 SInv}
rElec   .          Harm     .    D - +2 cloak of Boredom {*Corrode Int+7 Slay+6}
rCorr   +          Rampage  +    T - +2 pair of gloves {Dex+3}
Will    ++...      Rage     3%   H - +2 pair of boots {rampage} Stlth
                                 u - amulet of reflection
HPRegen 1.17/turn                d - ring of poison resistance
MPRegen 0.23/turn                c - ring "Amegy" {EV+5 Int+5}

@: confused, corroded, hasted, studying Spellcasting, invisible, unable to read,
very quick
A: fangs 3, regeneration 1, magic shield, antimagic bite, no potion heal 2,
berserk 1, deterioration 1, frail 1, high MP 1, weak 1, inability to read after
injury 1
}: 1/15 runes: gossamer
a: Renounce Religion, Stomp


You were on level 2 of the Pits of Slime.
You worshipped Uskayaw.
Uskayaw was pleased with you.
You visited 8 branches of the dungeon, and saw 34 of its levels.
You visited the Abyss 2 times.
You also visited: Sewer, Ossuary and Bailey.

You collected 4019 gold pieces.
You spent 479 gold pieces at shops.

Inventory:

Hand Weapons
 a - a +5 war axe of electrocution
 b - a +5 broad axe of freezing (weapon)
 f - a +1 whip of electrocution
Missiles
 O - a throwing net (quivered)
 P - 22 boomerangs
 Q - 5 boomerangs of dispersal
Armour
 g - a +0 kite shield (worn)
 j - the -1 hat "Juirhaop" (worn) {rCorr Dex+2 Slay+2 SInv}
   (You acquired it on level 5 of the Dungeon)

   Dex:       It affects your dexterity (+2).
   Slay:      It affects your accuracy & damage with ranged weapons and melee
   (+2).
   SInv:      It lets you see invisible.
   rCorr:     It protects you from acid and corrosion.
 p - the +9 plate armour of the Cooper (worn) {*Slow rN+ Dex+4}
   (You took it off an orc warrior in a bailey)

   Dex:       It affects your dexterity (+4).
   rN:        It protects you from negative energy.
   *Slow:     It may slow you when you take damage.
 D - the +2 cloak of Boredom (worn) {*Corrode Int+7 Slay+6}
   (You found it in a bailey)

   Int:       It affects your intelligence (+7).
   Slay:      It affects your accuracy & damage with ranged weapons and melee
   (+6).
   *Corrode:  It may corrode you when you take damage.
 H - a +2 pair of boots of rampaging (worn)
 T - a +2 pair of gloves of dexterity (worn)
Jewellery
 c - the ring "Amegy" (right hand) {EV+5 Int+5}
   (You found it on level 12 of the Dungeon)

   [ring of evasion]

   EV:        It affects your evasion (+5).
   Int:       It affects your intelligence (+5).
 d - a ring of poison resistance (left hand)
 k - a ring of protection from cold
 u - an amulet of reflection (around neck)
Wands
 r - a wand of iceblast (13)
 x - a wand of flame (47)
 y - a wand of digging (8)
 B - a wand of charming (24)
 I - a wand of quicksilver (13)
 J - a wand of polymorph (12)
 S - a wand of mindburst (7)
Scrolls
 e - 7 scrolls of fog
 o - 4 scrolls of blinking
 q - 22 scrolls of teleportation
 t - 7 scrolls of magic mapping
 v - 6 scrolls of poison
 E - 4 scrolls of fear
 F - a scroll of silence
Potions
 h - 20 potions of curing
 i - 3 potions of berserk rage
 m - 3 potions of cancellation
 w - 7 potions of haste
 z - 5 potions of attraction
 A - 5 potions of flight
 M - 5 potions of might
Miscellaneous
 G - a phantom mirror


   Skills:
 * Level 15.8 Fighting
 - Level 17.9(18.0) Axes
 - Level 1.4(11.8) Maces & Flails
 + Level 2.7 Throwing
 * Level 12.6 Armour
 * Level 6.7 Dodging
 - Level 0.1 Stealth
 * Level 13.7 Shields
 + Level 13.2 Invocations
 - Level 5.3 Evocations


You had 19 spell levels left.
You didn't know any spells.
Your spell library contained the following spells:

 Spells                   Type           Power      Damage    Failure   Level
 Apportation              Tloc           0%         N/A       98%         1
 Magic Dart               Conj           0%         1d3       98%         1
 Necrotise                Necr           0%         1d4       98%         1
 Shock                    Conj/Air       0%         1d3       98%         1
 Summon Small Mammal      Summ           0%         N/A       98%         1
 Call Imp                 Summ           0%         N/A       99%         2
 Ensorcelled Hibernation  Hex/Ice        0%         N/A       99%         2
 Passwall                 Tmut/Erth      0%         N/A       99%         2
 Frozen Ramparts          Ice            0%         1d1       100%        3
 Inner Flame              Hex/Fire       0%         N/A       100%        3
 Mephitic Cloud           Conj/Pois/Air  0%         N/A       100%        3
 Swiftness                Air            0%         N/A       100%        3
 Vhi's Electric Charge    Tloc/Air       0%         N/A       100%        3
 Airstrike                Air            0%         2d(0-16)  100%        4
 Animate Armour           Summ/Erth      0%         N/A       100%        4
 Animate Dead             Necr           0%         N/A       100%        4
 Cause Fear               Hex            0%         N/A       100%        4
 Ice Form                 Ice/Tmut       0%         N/A       100%        4
 Manifold Assault         Tloc           0%         N/A       100%        4
 Petrify                  Tmut/Erth      0%         N/A       100%        4
 Summon Ice Beast         Ice/Summ       0%         N/A       100%        4
 Blade Hands              Tmut           0%         N/A       100%        5
 Summon Forest            Summ/Tloc      0%         N/A       100%        5
 Dispersal                Tloc           0%         N/A       100%        6
 Iron Shot                Conj/Erth      0%         9d1       100%        6
 Haunt                    Necr/Summ      0%         N/A       100%        7
 Discord                  Hex            0%         N/A       100%        8
 Disjunction              Tloc           0%         N/A       100%        8
 Infestation              Necr           0%         N/A       100%        8


Dungeon Overview and Level Annotations

Branches:
Dungeon (15/15)            Temple (1/1) D:6            Lair (5/5) D:11
 Shoals (1/4) Lair:2       Spider (4/4) Lair:3        Slime (3/5) Lair:4
    Orc (2/2) D:9             Elf (3/3) Orc:2        Vaults (0/5) D:13
 Depths (0/4) D:15          Sewer (visited)         Ossuary (visited)
 Bailey (visited)

Altars:
Ashenzari
Cheibriados
Dithmenos
Elyvilon
Fedhas
Gozag
Hepliaklqana
Kikubaaqudgha
Makhleb
Nemelex Xobeh
Okawaru
Qazlal
Ru
Sif Muna
Trog
Uskayaw
Vehumet
Wu Jian
Xom
Yredelemnul
Zin
The Shining One

Shops:
D:2 ?   D:4 [   D:13 [   Orc:2 (([*   Elf:3 (

Annotations:
D:14 3 transporters
Spider:1 3 runed translucent doors, Stephen2Aus's ghost, adept MiBe
Slime:2 Dissolution


Innate Abilities, Weirdness & Mutations

You have razor-sharp teeth.
Your natural rate of healing is unusually fast.
When hurt, damage is shared between your health and your magic reserves.
Your bite disrupts and absorbs the magic of your enemies.
Potions cannot restore your health.
You sometimes lose your temper in combat.
Your body sometimes deteriorates upon taking damage.
You are frail. (-10% HP)
You have an increased reservoir of magic. (+10% MP)
You are weak. (Str -2)
You occasionally lose the ability to read scrolls when taking damage.


Message History

You are confused.
The golden eye blinks at you. You resist with almost no effort.
The great orb of eyes gazes at you. You resist with almost no effort.
Dissolution hits you!!
You feel threatened and lose the ability to read scrolls!
You are splashed with acid.
You resist. Dissolution hits you.
You are splashed with acid.
You resist. The golden eye blinks at you. You resist with almost no effort.
You climb upwards.
The golden eye dissolves into a puddle of slime!
The floating eye dissolves into a puddle of slime!
The golden eye dissolves into a puddle of slime!
The shining eye dissolves into a puddle of slime!
There is a stone staircase leading down here.
You slice Dissolution!! You freeze Dissolution. The acid corrodes you!
Your hands burn!
You bite Dissolution. You drain their power.
You feel invigorated.
Dissolution is lightly wounded.
You hit the great orb of eyes but do no damage.
The great orb of eyes bites you but does no damage.
Dissolution hits you but does no damage.
Dissolution hits you!
* * * LOW HITPOINT WARNING * * *
You are splashed with acid.
You resist.
* * * LOW HITPOINT WARNING * * *
You fade into invisibility!
The great orb of eyes gazes at you. You resist with almost no effort.
Dissolution gurgles deeply, a call to fellow slimes.
You feel yourself speed up.
The golden eye blinks!
The great orb of eyes completely misses you.
Dissolution gurgles loudly.
Dissolution hits you!!
* * * LOW HITPOINT WARNING * * *
Your corrosive artefact corrodes you!
You are splashed with acid.
You resist.
* * * LOW HITPOINT WARNING * * *
Dissolution hits you!
You die...

.....................#....#
....#....#............G...#
..###..................#.##
...###.#..........#..#.##
....#.#.....#...........#
...#.............ยง..#...#
..###.#.....#..G.....#.##
...######.......J.G....###
..## #...#...@<.......##
..# #...####G..........#
..# ##.##.##...#......##
..# ###.......##......# ..#
#........#<.....# .##
##.#............# .#
###......#.##.## ##
#......####### # ##.##.##


You could see Dissolution, a great orb of eyes, a shining eye (summoned), a
floating eye (summoned) and a golden eye (summoned).

Vanquished Creatures
  Arachne (Spider:3)
  Frances (D:14)
  8 acid blobs
  4 tentacled starspawn (Abyss:3)
  Kirke (Spider:3)
  Agnes (Spider:4)
  A fire giant (D:15)
  5 rockslimes
  A daeva (Abyss:2)
  2 deep elf sorcerers (Elf:3)
  2 azure jellies (Slime:2)
  Aizul (Shoals:1)
  3 ghost moths
  7 emperor scorpions
  A cacodemon (Abyss:3)
  The ghost of experimato the Phalangite, a journeyman MfGl of Yredelemnul (D:15)
  2 broodmothers (Spider:3)
  A quicksilver ooze (Slime:2)
  2 deep elf demonologists (Elf:3)
  A starcursed mass (Abyss:3)
  3 dire elephants
  A spark wasp (Spider:3)
  2 deep elf annihilators (Elf:3)
  2 deep elf death magi
  5 entropy weavers
  3 merfolk impalers
  Josephine (Orc:2)
  A blizzard demon (Abyss:3)
  A green death (Abyss:3)
  A deep elf high priest (Elf:3)
  An entropy weaver (shapeshifter) (Elf:1)
  8 vault guards (D:13)
  The ghost of Jeiliat the Fighter, a journeyman DsCA of Ignis (Lair:2)
  Harold (D:9)
  6 hydras
  A rakshasa (Abyss:3)
  3 centaur warriors
  2 radroaches
  2 jorogumos
  37 dancing weapons
  2 two-headed ogres
  6 boulder beetles
  A merfolk aquamancer (Shoals:1)
  A tengu warrior (D:14)
  2 death yaks (Lair:5)
  3 naga warriors (D:15)
  4 thrashing horrors
  6 death scarabs (Spider:4)
  6 orc high priests (Orc:2)
  21 deep elf knights
  A spectral emperor scorpion (Spider:4)
  Sonja (Orc:2)
  6 skeletal warriors (D:13)
  A wretched star (Abyss:3)
  11 pharaoh ants
  A spectral anaconda (Lair:5)
  A sea snake (Shoals:1)
  2 obsidian statues
  14 orb spiders
  9 steelbarb worms
  Pikel (D:8)
  A spectral wolf spider (Spider:4)
  17 deep elf archers
  6 orc knights
  4 necromancers (Lair:5)
  25 deep elf pyromancers
  9 harpies (Shoals:1)
  A mana viper (shapeshifter) (Elf:1)
  7 ugly things
  5 cyclopes
  A manticore (Lair:2)
  31 deep elf zephyrmancers
  4 shining eyes
  5 fauns (Shoals:1)
  An oklob plant (Lair:5)
  18 wolf spiders
  An orc sorcerer (Elf:3)
  2 salamanders (Abyss:2)
  A salamander (shapeshifter) (D:13)
  A worldbinder (Abyss:3)
  5 moths of wrath
  6 black mambas
  26 elephants
  11 demonic crawlers
  2 eyes of devastation (Slime:2)
  A gargoyle (D:12)
  A guardian serpent (Abyss:2)
  A naga mage (Abyss:2)
  Joseph (D:7)
  13 cane toads
  A smoke demon (Abyss:2)
  10 torpor snails
  A hellion (Abyss:3)
  5 spectral redbacks (Spider:4)
  Maggie (D:9)
  An unseen horror (D:12)
  An unseen horror (shapeshifter) (Elf:3)
  2 orange demons (Abyss:3)
  A rime drake (Lair:4)
  4 efreet
  8 komodo dragons
  10 meliai
  4 spectral jumping spiders (Spider:4)
  2 wind drakes
  3 merfolk (Shoals:1)
  3 hornets
  A polar bear (Lair:4)
  7 trolls
  2 jumping spider zombies (Spider:4)
  6 blink frogs
  A raiju (Abyss:3)
  3 spectral culicivoras (Spider:4)
  29 tarantellas
  7 large abominations
  5 dream sheep (Lair:5)
  A spectral elephant (Lair:5)
  30 jumping spiders
  16 slime creatures
  3 flying skulls (Abyss:3)
  18 culicivoras
  A dire elephant simulacrum (Lair:5)
  6 wraiths
  2 vampires
  4 ynoxinuls
  7 water elementals
  4 air elementals (Elf:1)
  14 yaks
  3 basilisks
  7 fire elementals
  5 wyverns
  A chaos spawn (Abyss:3)
  A golden eye (shapeshifter) (D:14)
  7 hogs (Spider:3)
  2 death yak simulacra (Lair:5)
  A steam dragon (D:8)
  15 vampire mosquitoes
  67 redbacks
  2 wargs
  A naga (Abyss:2)
  2 acid dragons
  25 water moccasins
  6 small abominations
  A swamp drake (D:11)
  47 orc warriors
  2 black bears
  9 ogres
  An elephant zombie (Lair:5)
  20 wolves
  An elephant skeleton (Lair:5)
  3 centaurs
  2 lemures (D:8)
  3 kobold brigands
  A necrophage (D:4)
  17 bullfrogs
  An earth elemental (Elf:1)
  2 scorpions
  25 wights
  20 killer bees
  2 electric eels
  7 howler monkeys
  A bullfrog zombie (D:7)
  2 crimson imps
  A centaur zombie (D:5)
  A quasit (Abyss:3)
  23 jellies
  Crazy Yiuf (D:3)
  34 orc priests
  2 gnoll boudas
  4 hounds
  5 iguanas
  5 iron imps
  A hell rat (Sewer)
  2 scorpion zombies (D:5)
  Jessica (D:2)
  33 orc wizards
  A mummy (Ossuary)
  17 gnolls
  6 river rats
  4 adders
  3 shadow imps
  6 white imps
  2 ufetubi
  An adder zombie (D:5)
  4 worms
  4 dart slugs
  115 orcs
  9 endoplasms
  2 giant cockroaches
  16 goblins
  11 hobgoblins
  3 jackals (D:4)
  2 quokkas
  5 ball pythons
  6 bats
  3 frilled lizards
  7 gnoll skeletons (Ossuary)
  13 kobolds
  10 kobold skeletons (Ossuary)
  8 orc skeletons (Ossuary)
  13 rats
  A spectral goblin (D:3)
1356 creatures vanquished.

Vanquished Creatures (others)
  A deep elf knight (Elf:3)
  A deep elf pyromancer (Elf:1)
  A tarantella (Spider:4)
  2 water elementals (Elf:2)
  20 fungi
  41 plants
  8 starspawn tentacles (Abyss:3)
  17 withered plants (Lair:5)
91 creatures vanquished.

Grand Total: 1447 creatures vanquished

Notes
Turn   | Place    | Note
-------+----------+-------------------------------------------
     0 | D:1      | malesh the Vine Stalker Fighter began the quest for the
                  | Orb.
     0 | D:1      | Reached XP level 1. HP: 11/11 MP: 2/2
    60 | D:1      | Found a faded altar of an unknown god.
    63 | D:1      | Reached XP level 2. HP: 14/16 MP: 3/3
   666 | D:1      | Reached XP level 3. HP: 20/20 MP: 4/4
   668 | D:1      | Reached skill level 2 in Axes
  1286 | D:2      | Noticed Jessica
  1289 | D:2      | Killed Jessica
  1290 | D:2      | Gained mutation: Your natural rate of healing is unusually
                  | fast. [Vine Stalker growth]
  1290 | D:2      | Reached XP level 4. HP: 24/24 MP: 5/5
  1496 | D:2      | Found Takium's Magic Scroll Boutique.
  1504 | D:2      | Bought a scroll of identify for 20 gold pieces
  1504 | D:2      | Bought a scroll of identify for 20 gold pieces
  1504 | D:2      | Bought a scroll of teleportation for 30 gold pieces
  1783 | D:3      | You fall into a shaft and drop 2 floors!
  1783 | D:5      | Entered Level 5 of the Dungeon
  1789 | D:5      | Identified a scroll of acquirement
  1789 | D:5      | Acquired the -1 hat "Juirhaop" {rCorr Dex+2 Slay+2 SInv}
  1802 | D:5      | Noticed a +0 short sword
  1802 | D:5      | Noticed a +0 falchion
  1802 | D:5      | Noticed a +0 spear
  1802 | D:5      | Noticed a +0 spear
  1802 | D:5      | Noticed a +0 dagger
  1802 | D:5      | Noticed a +0 short sword
  1802 | D:5      | Noticed a +0 dagger
  1802 | D:5      | Noticed a +0 falchion
  1833 | D:5      | Found a hide-covered altar of Uskayaw.
  1882 | D:5      | Reached skill level 3 in Axes
  1887 | D:5      | Reached XP level 5. HP: 28/28 MP: 6/6
  1909 | D:5      | Noticed an ogre
  1909 | D:5      | Noticed an ogre
  1912 | D:5      | Killed an ogre
  1916 | D:5      | Killed an ogre
  1917 | D:5      | Reached skill level 4 in Axes
  1917 | D:5      | Reached XP level 6. HP: 32/32 MP: 7/7
  1930 | D:5      | Found a sand-covered staircase.
  1937 | Ossuary  | Entered an ossuary
  1937 | Ossuary  | Noticed a wraith
  1937 | Ossuary  | Noticed a wraith
  1937 | Ossuary  | Noticed a wraith
  2120 | Ossuary  | Noticed a wraith
  2258 | Ossuary  | Killed a wraith
  2259 | Ossuary  | Reached skill level 5 in Axes
  2259 | Ossuary  | Reached XP level 7. HP: 18/37 MP: 1/8
  2352 | D:5      | Reached skill level 1 in Dodging
  2395 | D:5      | Found a basalt altar of Yredelemnul.
  2411 | D:5      | Reached skill level 6 in Axes
  2413 | D:5      | Gained mutation: You have razor-sharp teeth. [Vine Stalker
                  | growth]
  2413 | D:5      | Reached XP level 8. HP: 23/42 MP: 4/9
  2461 | D:5      | Noticed a wyvern
  2612 | D:4      | Found a glowing drain.
  2619 | Sewer    | Entered a sewer
  2802 | D:4      | Found Adou's Armour Shoppe.
  3073 | D:3      | Found a hazy altar of Hepliaklqana.
  3120 | D:3      | Found a runed translucent door.
  3121 | D:3      | Noticed Crazy Yiuf
  4533 | D:5      | Killed a wyvern
  4534 | D:5      | Reached skill level 7 in Axes
  4848 | D:6      | Reached XP level 9. HP: 45/46 MP: 10/10
  4886 | D:6      | Found a shimmering altar of Xom.
  4896 | D:6      | Reached skill level 8 in Axes
  4950 | D:6      | Found a staircase to the Ecumenical Temple.
  4970 | Temple   | Entered the Ecumenical Temple
  5110 | D:6      | Reached skill level 5 in Fighting
  5123 | D:6      | Reached skill level 5 in Armour
  5638 | D:7      | Reached skill level 9 in Axes
  5665 | D:7      | Found a flagged portal.
  5674 | Bailey   | Entered a bailey
  5755 | Bailey   | Reached XP level 10. HP: 20/52 MP: 2/11
  6006 | Bailey   | Identified the +9 plate armour of the Cooper {*Slow rN+
                  | Dex+4}
  6159 | Bailey   | Identified the +2 cloak of Boredom {*Corrode Int+7 Slay+6}
  6358 | D:7      | Reached skill level 5 in Shields
  6439 | D:4      | Bought a +2 pair of boots of rampaging for 301 gold pieces
  6511 | D:5      | Became a worshipper of Uskayaw the Reveller
  6602 | D:7      | Found a shadowy altar of Dithmenos.
  6602 | D:7      | Found a stormy altar of Qazlal.
  6619 | D:7      | Reached * piety under Uskayaw
  6794 | D:7      | Noticed Joseph
  6797 | D:7      | Reached ** piety under Uskayaw
  6799 | D:7      | Killed Joseph
  6799 | D:7      | Reached *** piety under Uskayaw
  7306 | D:8      | Reached **** piety under Uskayaw
  7334 | D:8      | Reached skill level 10 in Axes
  7442 | D:8      | Found an ornate altar of the Wu Jian Council.
  7528 | D:8      | Got Goplehat's Spellbook of the Hidden Mice
  7552 | D:8      | Noticed Pikel
  7559 | D:8      | Killed Pikel
  7634 | D:8      | Reached XP level 11. HP: 54/56 MP: 10/12
  7852 | D:9      | Reached ***** piety under Uskayaw
  8093 | D:9      | Noticed Harold
  8102 | D:9      | Killed Harold
  8103 | D:9      | Reached skill level 11 in Axes
  8212 | D:9      | Noticed Maggie
  8224 | D:9      | Killed Maggie
  8226 | D:9      | Reached ****** piety under Uskayaw
  8265 | D:9      | Found a staircase to the Orcish Mines.
  8305 | D:10     | Entered Level 10 of the Dungeon
  8337 | D:10     | Found a bloodstained altar of Trog.
  8912 | D:11     | Found a staircase to the Lair.
  9023 | D:11     | Reached skill level 1 in Invocations
  9329 | D:11     | Noticed a deep elf zephyrmancer
  9337 | D:11     | Killed a deep elf zephyrmancer
  9338 | D:11     | Noticed a deep elf zephyrmancer
  9343 | D:11     | Killed a deep elf zephyrmancer
  9346 | D:11     | Identified the +1 hat of the Frog {Rampage Str-4 Int-2
                  | Dex+6}
  9529 | D:11     | Reached skill level 12 in Axes
  9694 | D:11     | Upgraded the game from 0.30-a0-618-gd6c86c2 to
                  | 0.30-a0-622-gddc90ea
  9717 | Lair:1   | Entered Level 1 of the Lair of Beasts
  9754 | Lair:1   | Reached XP level 12. HP: 64/64 MP: 14/14
 10919 | Lair:2   | Found a staircase to the Shoals.
 10988 | Lair:2   | Found a runed translucent door.
 10995 | Lair:2   | Noticed Jeiliat's ghost (journeyman DsCA)
 11856 | Lair:3   | Noticed a boulder beetle
 11862 | Lair:3   | Killed a boulder beetle
 11891 | Lair:3   | Found a hole to the Spider Nest.
 12020 | Lair:3   | Reached XP level 13. HP: 68/70 MP: 14/17
 12143 | Lair:4   | Reached skill level 13 in Axes
 12515 | Lair:4   | Found a staircase to the Slime Pits.
 12933 | Lair:5   | Entered Level 5 of the Lair of Beasts
 12939 | Lair:5   | Reached skill level 5 in Invocations
 12964 | Lair:5   | Found a radiant altar of Vehumet.
 13043 | Lair:5   | Reached skill level 10 in Fighting
 13205 | Lair:5   | Noticed a dire elephant
 13205 | Lair:5   | Noticed a dire elephant
 13557 | Lair:5   | Reached XP level 14. HP: 77/77 MP: 19/19
 13867 | Lair:5   | Reached skill level 5 in Dodging
 13890 | Lair:5   | Got Pasuts's Atlas of Transposition
 13962 | Lair:5   | Killed a dire elephant
 13963 | Lair:5   | Reached skill level 14 in Axes
 13995 | Lair:5   | Killed a dire elephant
 14619 | Orc:1    | Entered Level 1 of the Orcish Mines
 14893 | Orc:2    | Entered Level 2 of the Orcish Mines
 14893 | Orc:2    | Found a staircase to the Elven Halls.
 14904 | Orc:2    | Gained mutation: Your body sometimes deteriorates upon
                  | taking damage. [a neqoxec]
 15063 | Orc:2    | Reached skill level 1 in Evocations
 15275 | Orc:2    | Noticed Sonja
 15283 | Orc:2    | Killed Sonja
 15522 | Orc:2    | Noticed Josephine
 15530 | Orc:2    | Killed Josephine
 15911 | Orc:2    | Found Zias's Antique Weapon Boutique.
 15911 | Orc:2    | Found Byul Mor's Assorted Antiques.
 15912 | Orc:2    | Found Veocran's Weapon Boutique.
 15912 | Orc:2    | Found Omnixket's Armour Shop.
 15923 | Orc:2    | Bought a scroll labelled SEURHIS JOEH for 36 gold pieces
 15923 | Orc:2    | Bought a scroll of identify for 72 gold pieces
 16163 | Spider:1 | Entered Level 1 of the Spider Nest
 16185 | Spider:1 | Reached XP level 15. HP: 80/84 MP: 21/21
 16549 | Spider:1 | Noticed an emperor scorpion
 16557 | Spider:1 | Killed an emperor scorpion
 16605 | Spider:1 | Noticed an emperor scorpion
 16613 | Spider:1 | Killed an emperor scorpion
 16614 | Spider:1 | Reached skill level 15 in Axes
 16914 | Spider:1 | Found a runed translucent gate.
 16914 | Spider:1 | Found a runed translucent gate.
 16914 | Spider:1 | Found a runed translucent gate.
 16930 | Spider:1 | Noticed Stephen2Aus's ghost (adept MiBe)
 17407 | Spider:2 | Reached XP level 16. HP: 90/90 MP: 23/23
 17897 | Spider:3 | Noticed Kirke
 17904 | Spider:3 | Reached skill level 10 in Armour
 17910 | Spider:3 | Killed Kirke
 17979 | Spider:3 | Noticed Arachne
 17991 | Spider:3 | Killed Arachne
 17992 | Spider:3 | Reached skill level 10 in Shields
 18173 | Spider:3 | Reached skill level 5 in Evocations
 18379 | Spider:4 | Entered Level 4 of the Spider Nest
 18763 | Spider:4 | Noticed Agnes
 18778 | Spider:2 | Reached skill level 16 in Axes
 19404 | Shoals:1 | Entered Level 1 of the Shoals
 19581 | Shoals:1 | Noticed Aizul
 19593 | Shoals:1 | Killed Aizul
 19614 | Shoals:1 | Reached XP level 17. HP: 93/95 MP: 24/24
 19813 | D:12     | Identified the ring "Amegy" {EV+5 Int+5}
 20259 | D:13     | Found a gate to the Vaults.
 20694 | D:13     | Found Wyemaohu's Armour Emporium.
 21215 | D:14     | Noticed Frances
 21226 | D:14     | Killed Frances
 21255 | D:14     | Found a transporter.
 21255 | D:14     | Found a transporter.
 21258 | D:14     | Found a transporter.
 21286 | D:14     | Found a transporter.
 21847 | D:15     | Entered Level 15 of the Dungeon
 21879 | D:15     | Found a runed translucent gate.
 21879 | D:15     | Found a runed translucent gate.
 21879 | D:15     | Found a runed translucent gate.
 21881 | D:15     | Noticed experimato's ghost (journeyman MfGl)
 22061 | D:15     | Reached skill level 10 in Invocations
 22066 | D:15     | Found a radiant altar of Vehumet.
 22244 | D:15     | Reached skill level 1 in Maces & Flails
 22504 | D:15     | Found a staircase to the Depths.
 22612 | D:15     | Found an iron altar of Okawaru.
 22750 | Lair:2   | Killed Jeiliat's ghost
 22988 | D:3      | Killed Crazy Yiuf
 23340 | D:15     | Killed experimato's ghost
 23715 | Elf:1    | Entered Level 1 of the Elven Halls
 23848 | Elf:1    | Upgraded the game from 0.30-a0-622-gddc90ea to
                  | 0.30-a0-626-gd6a5dd7
 23903 | Elf:1    | Paralysed by an air elemental for 1 turns
 23913 | Elf:1    | Reached XP level 18. HP: 81/102 MP: 22/26
 23917 | Elf:1    | Reached skill level 17 in Axes
 24643 | Elf:2    | Found a runed translucent gate.
 24644 | Elf:2    | Found a runed translucent gate.
 24644 | Elf:2    | Found a runed translucent gate.
 25315 | Abyss:2  | Found a corrupted altar of Lugonu.
 25315 | Abyss:2  | Cast into level 2 of the Abyss (+2 glaive of distortion)
 25330 | Abyss:2  | Found a corrupted altar of Lugonu.
 25653 | Abyss:3  | Reached skill level 15 in Fighting
 25701 | Abyss:3  | Gained mutation: You sometimes lose the ability to read
                  | scrolls when taking damage. [a cacodemon]
 25716 | Abyss:3  | Reached XP level 19. HP: 90/108 MP: 26/26
 25766 | Elf:2    | Escaped the Abyss
 25890 | Elf:3    | Entered Level 3 of the Elven Halls
 26125 | Elf:3    | Found Satan's Weapon Boutique.
 26363 | Elf:3    | Noticed an Ice Fiend
 26660 | Abyss:3  | Cast into level 3 of the Abyss (a deep elf demonologist)
 26905 | Elf:3    | Escaped the Abyss
 27746 | Spider:4 | Killed Agnes
 28046 | Spider:4 | Reached skill level 1 in Throwing
 28482 | Spider:4 | Reached XP level 20. HP: 107/114 MP: 26/30
 28513 | Spider:4 | Got a gossamer rune of Zot
 28873 | Slime:1  | Entered Level 1 of the Pits of Slime
 28874 | Slime:1  | Upgraded the game from 0.30-a0-626-gd6a5dd7 to
                  | 0.30-a0-627-gc11e7ae
 28881 | Slime:1  | Gained mutation: You are weak. (Str -2) [a shining eye]
 29243 | Slime:2  | Gained mutation: You sometimes lose your temper in combat.
                  | [a shining eye]
 29801 | Slime:3  | Noticed Dissolution
 29803 | Slime:3  | Gained mutation: You are frail. (-10% HP) [a shining eye]
 29805 | Slime:3  | Gained mutation: You have an increased reservoir of magic.
                  | (+10% MP) [a shining eye]
 29807 | Slime:3  | Paralysed by a floating eye for 4 turns
 29815 | Slime:2  | HP: 4/102 [Dissolution (25)]
 29815 | Slime:2  | HP: 1/102 [acid (3)]
 29815 | Slime:2  | Mangled by Dissolution

Illustrated notes

Levels and vault maps discovered:
D:1:      dpeg_arrival_three_bigger_balls, layout_basic,
          shapermc_ecumenical_altar_starsandcircs, nicolae_wormholes
D:2:      layout_loops_ring, serial_shops, shop, uniq_jessica
D:3:      layout_loops_cross, nicolae_hepliaklqana_monster_ancestors,
          ebering_dispersal_statue_hall, uniq_crazy_yiuf_cottage
D:4:      cheibrodos_greedy_goblins, layout_loops_corners,
          gup_sewer_entry_spiral, serial_shops, nicolae_square_shop
D:5:      layout_loops_ring, nicolae_yredelemnul_corpse_copse,
          nicolae_uskayaw_en_pointe, enter_ossuary_5, kennysheep_generic_room_5
D:6:      layout_basic, lemuel_crystal_altar, minmay_temple_entry_hall
D:7:      layout_gridville, mainiacjoe_overflow_divided_tiny, enter_bailey_5,
          uniq_joseph
D:8:      layout_cave_pools, mainiacjoe_overflow_alcove_1, uniq_pikel
D:9:      layout_cave_pools, david_orc_4, uniq_harold, uniq_maggie
D:10:     layout_loops_cross, nicolae_overflow_hidden_temple, fungi_pond_lemuel
D:11:     layout_gridville, lair_entry_dummy, hangedman_minor_magic
D:12:     layout_cave_pools
D:13:     layout_loops_ring, erik_vaults_2, serial_shops,
          nicolae_inconvenience_store, minmay_protected_statue
D:14:     layout_loops_cross, nicolae_twisting_strands, nicolae_diode_quadrants,
          uniq_frances
D:15:     hangedman_depths_entry_try_elsewhere_first, layout_loops_cross,
          gammafunk_ghost_fury_of_okawaru, vehumet_crystals
Temple:   nicolae_temple_superstar
Lair:1:   layout_misc_corridors
Lair:2:   layout_gridlike, minmay_shoals_entry_beasts,
          ebering_ghost_inner_flame, lemuel_fruit_fields
Lair:3:   layout_loops_ring, hellmonk_spider_entry_not_the_bees,
          grunt_megastairs_1
Lair:4:   layout_gridlike, minmay_slime_entry_jelly_boxes,
          infiniplex_staircase_pool
Lair:5:   due_jungle_book, layout_small_grid, lemuel_oklob_altar,
          grunt_megastairs_4
Shoals:1: layout_shoals, serial_shops, shop, uniq_aizul
Spider:1: nicolae_spider_corner, ebering_ghost_rock_garden
Spider:2: layout_spider_delve
Spider:3: layout_spider_delve, uniq_kirke, uniq_arachne
Spider:4: floodkiller_spider_rune_tomb, uniq_agnes
Slime:1:  layout_caves
Slime:2:  nicolae_slime_jelly_donut, layout_caves
Slime:3:  layout_caves, uniq_dissolution
Orc:1:    layout_caves
Orc:2:    st_orc_pillars, layout_caves, uniq_josephine, uniq_sonja
Elf:1:    eino_elf_arrival_sip, layout_rooms, minivault_28
Elf:2:    nicolae_elf_blades_crystal_corner, layout_geoelf_grid, st_stairs_9
Elf:3:    minmay_elf_hall_curves, layout_geoelf_octagon, serial_shops,
          nicolae_shop_crystal, st_stairs_1, uniq_louise

Skill      XL: |  1  2  3  4  5  6  7  8  9 10 11 12 13 14 15 16 17 18 19 20 |
---------------+-------------------------------------------------------------+-----
Fighting       | 3 4 5 6 7 9 10 11 12 13 14 15 | 15.8
Axes           | 2 3 4 5 6 7 9 10 12 13 14 15 16 17 | 17.9
Armour         | 3 4 5 6 7 8 9 10 11 12 | 12.6
Shields        | 3 4 5 6 7 8 9 10 11 12 13 | 13.7
Dodging        | 1 2 3 4 5 6 |  6.7
Invocations    | 2 4 5 6 8 9 10 12 13 | 13.2
Evocations     | 2 4 5 |  5.3
Maces & Flails | 1 |  1.4
Throwing       | 1 2 |  2.7
Stealth        | |  0.1

Action                   |  1- 3 |  4- 6 |  7- 9 | 10-12 | 13-15 | 16-18 | 19-21 || total
-------------------------+-------+-------+-------+-------+-------+-------+-------++-------
Melee: War axe           |    61 |    78 |   250 |   372 |   649 |   491 |       ||  1901
       Bite              |    16 |    17 |    63 |   121 |   254 |   353 |   178 ||  1002
       Whip              |       |       |       |       |     5 |    18 |       ||    23
       Broad axe         |       |       |       |       |       |   306 |   384 ||   690
Invok: Stomp             |       |       |       |       |       |     3 |     1 ||     4
       Line Pass         |       |       |       |       |       |     1 |     1 ||     2
       Grand Finale      |       |       |       |       |       |     1 |     1 ||     2
Evoke: Wand              |       |       |       |       |       |     1 |       ||     1
  Use: Scroll            |       |    11 |     9 |    12 |     3 |     9 |     3 ||    47
       Potion            |       |     2 |       |       |       |     1 |     2 ||     5
 Stab: Paralysed         |       |       |       |    36 |   131 |   118 |    69 ||   354
       Held in net/web   |       |       |       |       |     1 |       |       ||     1
       Confused          |       |       |       |       |       |       |     1 ||     1
Armor: Scale mail        |    21 |    10 |    69 |     4 |       |       |       ||   104
       Plate armour      |       |       |       |   154 |   290 |   341 |   139 ||   924
Dodge: Dodged            |    26 |    25 |    71 |    72 |   176 |   239 |   112 ||   721
Block: Buckler           |    14 |    10 |    88 |   161 |   361 |   160 |       ||   794
       Reflection        |       |       |     6 |     5 |     4 |    51 |    11 ||    77
       Kite shield       |       |       |       |       |       |   414 |   300 ||   714

Table legend: (Time is in decaauts)
 A = Elapsed time spent in this place.
 B = Non-inter-level travel time spent in this place.
 C = Inter-level travel time spent in this place.
 D = Time resting spent in this place.
 E = Time spent auto-exploring this place.
 F = Levels seen in this place.
 G = Mean time per level.
                   A        B        C        D        E       F      G
               +--------+--------+--------+--------+--------+-----+--------+
         Total |  29858 |  25574 |   4284 |   2254 |  16852 |  40 |  746.5 |
       Dungeon |  12910 |  10995 |   1915 |    235 |   8509 |  15 |  860.7 |
        Temple |    119 |    114 |      5 |      0 |    100 |   1 |  119.0 |
          Lair |   5466 |   4260 |   1206 |    143 |   3283 |   5 | 1093.2 |
        Shoals |    274 |    230 |     44 |      5 |    102 |   1 |  274.0 |
   Spider Nest |   4481 |   3839 |    642 |    891 |   1872 |   4 | 1120.2 |
    Slime Pits |    955 |    848 |    107 |     93 |    571 |   3 |  318.3 |
  Orcish Mines |   1436 |   1313 |    123 |    314 |    683 |   2 |  718.0 |
   Elven Halls |   2474 |   2235 |    239 |    181 |   1434 |   3 |  824.7 |
         Abyss |    667 |    667 |      0 |     48 |    231 |   3 |  222.3 |
         Sewer |    115 |    115 |      0 |      4 |     31 |   1 |  115.0 |
       Ossuary |    388 |    388 |      0 |    145 |      0 |   1 |  388.0 |
        Bailey |    568 |    568 |      0 |    194 |     31 |   1 |  568.0 |
               +--------+--------+--------+--------+--------+-----+--------+

Top non-repeatable levels by time:
Spider:4: 1509 daAuts
  Lair:5: 1453 daAuts
     D:4: 1320 daAuts
  Lair:1: 1267 daAuts
Spider:1: 1119 daAuts
   Elf:2: 1112 daAuts
     D:7: 1061 daAuts
     D:1: 1032 daAuts
  Lair:2: 1008 daAuts
Spider:3: 1007 daAuts
    D:11: 1001 daAuts
    D:15: 958 daAuts
    D:14: 935 daAuts
     D:5: 930 daAuts
    D:13: 911 daAuts
